 Dungeon Crawl Stone Soup version 0.24.0-2-g5b39cebb1c (webtiles) character file.

Game seed: 18007992828788358136, levelgen mode: deterministic

345 H0rd4k the Charlatan (level 6, -1/46 HPs)
             Began as a Human Artificer on Oct 31, 2019.
             Was an Initiate of Gozag.
             Shot with an arrow by a centaur (10 damage)
             ... on level 5 of the Dungeon.
             The game lasted 00:06:24 (4056 turns).

H0rd4k the Charlatan (Human Artificer)              Turns: 4056, Time: 00:06:24

Health: -1/46      AC:  5    Str: 15    XL:     6   Next: 89%
Magic:  9/9        EV: 13    Int: 11    God:    Gozag
Gold:   125        SH:  0    Dex: 13    Spells: 5/5 levels left

rFire    x . .     SeeInvis .   n - +0 falchion
rCold    + . .     Gourm    .   (no shield)
rNeg     . . .     Faith    .   b - +0 leather armour
rPois    .         Spirit   .   (no helmet)
rElec    .         Reflect  .   (no cloak)
rCorr    .         Harm     .   (no gloves)
MR       .....                  (no boots)
Stlth    ++........             (no amulet)
HPRegen  0.15/turn              l - ring of ice
MPRegen  0.11/turn              p - +2 ring of protection

@: no status effects
A: no striking features
a: Potion Petition, Call Merchant, Bribe Branch, Renounce Religion


You were on level 5 of the Dungeon.
You worshipped Gozag.
Gozag was aware of your devotion.
You were not hungry.

You visited 2 branches of the dungeon, and saw 6 of its levels.

You collected 156 gold pieces.
You paid 31 gold pieces to Gozag.

Inventory:

Hand Weapons
 a - a +0 short sword
 n - a +0 falchion (weapon)
Armour
 b - a +0 leather armour (worn)
Jewellery
 l - a ring of ice (left hand)
 p - a +2 ring of protection (right hand)
 t - an uncursed ring of stealth {unknown}
Wands
 c - a wand of flame (4)
 d - a wand of enslavement (16)
 e - a wand of random effects (9)
 v - a wand of disintegration (13)
Scrolls
 g - a scroll of fog {unknown}
 j - 3 scrolls of teleportation {unknown}
 k - 4 scrolls of identify {unknown}
 m - a scroll of immolation {unknown}
 o - 3 scrolls of remove curse {unknown}
 q - a scroll of enchant armour {unknown}
 r - a scroll of blinking {unknown}
 s - a scroll of magic mapping {unknown}
 w - 2 scrolls of random uselessness {unknown}
Potions
 h - 2 potions of curing
 i - 3 potions of lignification {unknown}
 u - a potion of magic {unknown}
Comestibles
 f - 12 rations


   Skills:
 + Level 2.4 Fighting
 + Level 2.2(2.8) Short Blades
 + Level 2.4(2.9) Long Blades
 + Level 2.2 Armour
 + Level 3.3 Dodging
 + Level 1.4 Stealth
 + Level 4.0 Evocations


You had 5 spell levels left.
You didn't know any spells.
Your spell library was empty.

Dungeon Overview and Level Annotations

Branches:
Dungeon (5/15)             Temple (1/1) D:4

Altars:
Ashenzari
Cheibriados
Dithmenos
Elyvilon
Gozag
Hepliaklqana
Kikubaaqudgha
Makhleb
Nemelex Xobeh
Okawaru
Qazlal
Ru
Sif Muna
Trog
Uskayaw
Vehumet
Wu Jian
Xom
Yredelemnul
Zin
The Shining One

Annotations:
D:3 exclusion: downstairs


Message History

The hound barely misses you.
You slash the hound!
You kill the hound!
You now have 125 gold pieces (gained 18).
You start resting.
You are near starving!
You eat one of the 13 rations.
That ration really hit the spot!
A centaur comes into view.
Evoke which item? (* to show all) (? for menu, Esc to quit)
Aiming: Disintegrate
Press: ? - help, Shift-Dir - straight line, f - centaur
Aim: a centaur (resting, chance to defeat MR: 80%)
The centaur shouts!
The centaur is blasted!!
The centaur wields a +0 shortbow.
The centaur shoots an arrow.
The arrow hits you!
The centaur shoots an arrow.
The arrow hits you!
* * * LOW HITPOINT WARNING * * *
The centaur shoots an arrow.
The arrow hits you!
You die...
Your body crumbles into a pile of gold.

#..........####.#
#...............#
#.........#######
#.........#
#.........#
#.........#
###.#######
#.############
#.....@.....c. $
##############


You could see a centaur.

Vanquished Creatures
  An ogre (D:4)
  A hound (D:5)
  A bullfrog skeleton (D:2)
  Terence (D:2)
  7 adders
  An adder skeleton (D:4)
  3 worms
  3 dart slugs
  2 leopard geckos
  4 orcs (D:3)
  3 ball pythons
  10 bats
  4 giant cockroaches
  8 goblins
  7 hobgoblins
  6 kobolds
  2 quokkas (D:2)
  3 frilled lizards
  A quokka skeleton (D:5)
  7 rats
75 creatures vanquished.

Vanquished Creatures (collateral kills)
  A goblin (D:2)
  A kobold (D:2)
  A quokka skeleton (D:4)
3 creatures vanquished.

Vanquished Creatures (others)
  A bullfrog skeleton (D:4)
  An iguana (D:4)
2 creatures vanquished.

Grand Total: 80 creatures vanquished

Notes
Turn   | Place    | Note
-------+----------+-------------------------------------------
     0 | D:1      | H0rd4k the Human Artificer began the quest for the Orb.
     0 | D:1      | Reached XP level 1. HP: 15/15 MP: 3/3
   143 | D:1      | Reached XP level 2. HP: 14/21 MP: 4/4
   451 | D:1      | Reached XP level 3. HP: 21/26 MP: 5/5
   587 | D:2      | Reached XP level 4. HP: 12/32 MP: 6/6
   870 | D:2      | Noticed Terence
  1198 | D:3      | Reached skill level 1 in Armour
  1458 | D:3      | Reached XP level 5. HP: 16/37 MP: 7/7
  2410 | D:2      | Killed Terence
  2410 | D:2      | Reached skill level 1 in Long Blades
  2842 | D:2      | Reached XP level 6. HP: 35/44 MP: 8/8
  2902 | D:2      | Found a sparkling altar of Nemelex Xobeh.
  3010 | D:4      | Noticed an ogre
  3382 | D:4      | Found a staircase to the Ecumenical Temple.
  3420 | D:4      | Killed an ogre
  3420 | D:4      | Reached skill level 4 in Evocations
  3523 | Temple   | Entered the Ecumenical Temple
  3611 | Temple   | Became a worshipper of Gozag Ym Sagoz the Greedy
  3857 | D:5      | Entered Level 5 of the Dungeon
  4056 | D:5      | Shot with an arrow by a centaur

Levels and vault maps discovered:
D:1:      denvon_arrival_planthouse, layout_loops_ring
D:2:      layout_basic, nemelex_altar_shiori, uniq_terence
D:3:      layout_basic, first_ration
D:4:      layout_rooms, minmay_temple_entry_trees
D:5:      layout_basic, goddamned_bats
Temple:   compressed_dpeg_triangle_lava_temple

Skill      XL: |  1  2  3  4  5  6 |
---------------+-------------------+-----
Armour         | 1 2 |  2.2
Short Blades   | 2 |  2.2
Long Blades    | 1 2 |  2.4
Fighting       | 2 |  2.4
Dodging        | 3 |  3.3
Evocations     | 4 |  4.0
Stealth        | |  1.4

Action                   |  1- 3 |  4- 6 || total
-------------------------+-------+-------++-------
Melee: Short sword       |    79 |    43 ||   122
       Falchion          |       |   225 ||   225
Evoke: Wand              |       |    26 ||    26
  Use: Potion            |       |     1 ||     1
 Stab: Sleeping          |       |     3 ||     3
  Eat: Chunk             |       |     9 ||     9
       Ration            |       |     1 ||     1
Armor: Leather armour    |    13 |    84 ||    97
Dodge: Dodged            |    84 |   224 ||   308
       Rpst.: Falchion   |       |    64 ||    64
